AoeStats
← zephyrutia

Black Forest

509801274Analyzed
2v2 RM · 5d ago on Sep 28, 2026· 53m 23s· 4 players
Game mode
Random Map
Map size
Medium (4 player)
Population
200
Speed
Normal
Resources
Standard
Victory
Conquest
Starting age
Dark Age
Ending age
Imperial Age
RankedLock teamsTeams togetherTeam positionsShared explorationLock speedFull tech treeHidden civsTurbo modeCheats
Victory
Defeat
🇺🇸 Romans · United States
924
+16
🇺🇸 Teutons · United States
911
+17
🇦🇷 Celts · Argentina
1000
-59
🇦🇷 Bulgarians · Argentina
860
-14
FuzzyFurball567
0:29 Loom
15:25 Feudal Age
22:25 Double-Bit Axe
24:03 Wheelbarrow
27:35 Fishing Lines
27:51 Gold Mining
27:54 Stone Mining
30:27 Castle Age
29:48 Horse Collar
32:00 Gillnets
33:15 Bow Saw
39:17 Gold Shaft Mining
41:42 Imperial Age
41:32 Ballistics
41:23 Town Watch
41:54 Hand Cart
41:59 Capped Ram
44:01 Heavy Scorpion
44:51 Siege Engineers
44:55 Ballistas
45:15 Heavy Plow
48:56 Siege Ram
49:58 Conscription
50:27 Town Patrol
51:42 Forging
51:25 Spies/Treason
53:42 Squires
53:03 Man-at-Arms
53:03 Pikeman
54:22 Iron Casting
53:48 Scale Mail Armor
zephyrutia
8:02 Loom
10:29 Feudal Age
15:36 Castle Age
14:10 Double-Bit Axe
17:08 Scale Barding Armor
25:36 Bloodlines
25:48 Chain Barding Armor
26:30 Wheelbarrow
27:50 Forging
28:52 Squires
30:34 Town Watch
31:05 Hand Cart
36:37 Imperial Age
38:17 Plate Barding Armor
37:06 Cavalier
37:37 Gambesons
38:26 Ballistics
41:53 Chemistry
41:31 Iron Casting
46:41 Blast Furnace
46:20 Elite Teutonic Knight
49:13 Scale Mail Armor
49:00 Horse Collar
49:34 Bow Saw
50:21 Chain Mail Armor
51:00 Siege Engineers
53:41 Plate Mail Armor
TheRedLion
2:52 Loom
10:42 Feudal Age
21:04 Double-Bit Axe
21:36 Horse Collar
25:27 Castle Age
24:21 Gold Mining
24:25 Stone Mining
25:54 Wheelbarrow
27:11 Bow Saw
27:13 Heavy Plow
27:46 Forging
27:38 Scale Mail Armor
27:04 Pikeman
27:45 Squires
32:17 Chain Mail Armor
32:38 Iron Casting
37:13 Hand Cart
41:11 Imperial Age
40:17 Gold Shaft Mining
40:21 Fletching
41:36 Stirrups
42:28 Halberdier
45:40 Plate Mail Armor
47:44 Blast Furnace
49:24 Bodkin Arrow
JeroGiraud111
6:54 Loom
16:58 Feudal Age
18:35 Wheelbarrow
18:49 Double-Bit Axe
18:48 Horse Collar
19:32 Gold Mining
19:34 Stone Mining
28:45 Castle Age
27:53 Padded Archer Armor
27:47 Arson
28:17 Fletching
29:51 Gambesons
32:03 Hand Cart
31:14 Pikeman
Connection lost

Rejoining the realm…

Still unreachable

The connection could not be restored.

Session expired

The server has moved on; the page needs a fresh start.